[Event "CCT Chessable Masters D-III 2024"]
[Site "Online"]
[Date "2024.02.05"]
[Round "57"]
[White "Safarli, Eltaj"]
[Black "Bortnyk, Oleksandr"]
[Result "0-1"]
[ECO "B04"]
[WhiteElo "2604"]
[BlackElo "2646"]
[Annotator "TA"]
[PlyCount "82"]
[EventDate "2024.01.12"]
[EventType "k.o."]
[EventCountry "NET"]
[SourceTitle "playchess.com"]
[Source "ChessBase"]
[SourceQuality "1"]
[TimeControl "600+2"]

1. e4 Nf6 2. e5 Nd5 3. d4 d6 4. Nf3 dxe5 5. Nxe5 c6 6. Be2 Bf5 {[%emt 0:00:01] B04: Alekhine's Defence: 4 Nf3.} 7. O-O Nd7 8. Bd3 Bxd3 9. Nxd3 g6 $5 {[%emt 0:00:03][%mdl 4] Leaves trodden paths.} 10. Nd2 Bg7 11. Nf3 b5 12. Re1 O-O 13. Bg5 Re8 14. Qd2 $146 ({Predecessor:} 14. c3 a5 15. Rc1 Qb6 16. c4 bxc4 17. Rxc4 e6 18. Qc2 Rec8 19. Rc1 Nb4 20. Nxb4 axb4 {½-½ Becerra Rivero,J (2506)-Bortnyk,O (2599) Space Coast op 26th 2019 (4)}) 14... Qb6 15. Re4 e6 16. Rae1 c5 17. Bh6 (17. Nde5 {with more complications.} Qc7 18. Bh6 f5 19. R4e2) 17... Bxd4 18. Nxd4 cxd4 19. Rh4 $2 (19. Nf4 $11 {and White has nothing to worry.} Nxf4 20. Bxf4) 19... e5 $19 20. h3 (20. c3 $17) 20... Rac8 21. c3 dxc3 22. bxc3 Nxc3 (22... Rxc3 23. Nf4 Nxf4 24. Qxc3 $16) 23. Be3 (23. Rc1 $142 Na4 24. Rxc8 Rxc8 25. Re4) 23... Qd6 24. Bxa7 e4 25. Qh6 Qxd3 (25... exd3 26. Qxh7+ Kf8 27. Qh8#) 26. Qxh7+ Kf8 27. Rf4 {[%emt 0:00:13] [#]} Qd5 $4 (27... Nxa2 28. Rxf7#) (27... Qc4 $1 $19 {and all is fine. ...Ne2+ is the strong threat.} 28. Be3 Ke7 (28... Qxa2 $2 29. Bd4 $18)) 28. Re3 $4 (28. Bd4 $18 b4 (28... Qxd4 29. Rxf7#) 29. Bxc3) 28... Ke7 $19 (28... Qxa2 $2 {perishes.} 29. Bd4 (29. Rxc3 Rxc3 30. Qh8+ Ke7 $18) 29... g5 30. Bxc3 gxf4 31. Bg7+ (31. Rxe4 $2 {too greedy.} Qb1+ 32. Kh2 Rxe4 $19) (31. Qh8+ Ke7 $14) 31... Ke7 32. Qxe4+ Qe6 (32... Kd6 $2 33. Rd3+ Kc7 34. Qxf4+ Kb6 35. Qd6+ Kb7 36. Qxd7+ Ka8 37. Qxb5 $18) 33. Qxf4 $18 (33. Qb4+ Kd8 $18)) 29. Bd4 Qxd4 30. Rxf7+ Ke6 31. Qxg6+ Nf6 32. Rb7 Ncd5 33. Re1 Rg8 34. Qf7+ Kd6 35. Ra7 Qb6 36. Rd1 Ke5 $2 (36... Qd8 {Hoping for ...Ke5.} 37. Rb7 Rf8) 37. Rd7 $2 (37. Rxd5+ Nxd5 38. Qh5+ Kf4 (38... Kd4 $2 39. Qd1+ Ke5 40. Qh5+ Kd6 41. Qh6+ $19) 39. Qh4+ Kf5 (39... Ke5 $2 40. Qh5+ Kf4 41. Qh4+ Kf5 42. Qh5+ Ke6 43. Qf7+ Ke5 44. Qh5+ $19) 40. Qh5+ Rg5 41. g4+ Kf6 42. Rf7+ Ke6 43. Qxg5 Kxf7 44. Qf5+ Ke7 45. Qxc8) 37... Qe6 $19 38. R1xd5+ Nxd5 39. Qh5+ Kd4 40. Qd1+ Kc5 41. Qc1+ Kb6 0-1

[Event "CCT Chessable Masters D-III 2024"]
[Site "Online"]
[Date "2024.02.05"]
[Round "58"]
[White "Grischuk, Alexander"]
[Black "Bortnyk, Oleksandr"]
[Result "1-0"]
[ECO "E64"]
[WhiteElo "2732"]
[BlackElo "2655"]
[Annotator "TA"]
[PlyCount "104"]
[EventDate "2024.01.12"]
[EventType "k.o."]
[EventCountry "NET"]
[SourceTitle "playchess.com"]
[Source "ChessBase"]
[SourceQuality "1"]
[TimeControl "600+2"]

1. d4 Nf6 2. Nf3 g6 3. c4 Bg7 4. g3 O-O 5. Bg2 d6 6. Nc3 Bf5 7. Nh4 Bc8 8. O-O c5 9. d5 Na6 10. Nf3 Bf5 {[%emt 0:00:10] E64: King's Indian: Fianchetto: 6...c5 7 d5.} 11. Ne1 $5 {[%emt 0:00:39][%mdl 4] Exploring less charted territory.} Qd7 12. e4 Bh3 13. Nd3 $146 ({Predecessor:} 13. Nc2 Nc7 14. Ne3 Bxg2 15. Kxg2 b5 16. Qc2 Rab8 17. Rb1 b4 18. Ne2 b3 19. axb3 Na6 20. Bd2 Nb4 21. Bxb4 Rxb4 {½-½ Fernandez Suarez,C-Gomez,F Asturias-chT Preferente 1998 (7)}) 13... Bxg2 14. Kxg2 b5 15. cxb5 Nc7 16. a4 Rfb8 17. Re1 a6 18. bxa6 c4 19. a7 Rxa7 20. Nf4 $1 Ng4 21. Ra3 Rb4 22. Re2 Bxc3 23. bxc3 (23. Rxc3 {is more complex.} Raxa4 24. b3 Nb5 25. Rxc4 Rxc4 26. bxa4 Nc3 27. Qb3) 23... Rbxa4 24. Rxa4 Qxa4 25. Qxa4 Rxa4 26. Rb2 Ra1 27. Bd2 Na6 28. f3 Ne5 29. Be3 Nc5 30. Bxc5 dxc5 31. Ne2 Nd3 32. Rb8+ Kg7 33. f4 Ra2 34. Kf3 h5 35. Rb7 Kf8 $1 36. Rb8+ Kg7 37. Rb7 Kf8 $1 38. e5 Rd2 39. Ke3 Ra2 $2 (39... Rd1 $1 $11 {and Black is okay.}) 40. Rb8+ $1 $18 Kg7 {[%emt 0:00:01] [#]} 41. d6 $1 exd6 42. exd6 Ra7 {[%emt 0:00:00] [#]} 43. Ke4 $1 Kf6 $2 (43... Nf2+ 44. Kd5 Ng4 45. Kxc5 h4) 44. Kd5 $18 Nf2 45. Re8 ({Weaker is} 45. Kxc4 Ke6 $18) 45... Ng4 46. Kc6 Kf5 47. h3 Ra6+ 48. Kxc5 Ra5+ 49. Kb6 Rd5 50. hxg4+ Kxg4 51. Kc6 Rd2 52. d7 g5 1-0

[Event "CCT Chessable Masters D-III 2024"]
[Site "Online"]
[Date "2024.02.05"]
[Round "58"]
[White "Bortnyk, Oleksandr"]
[Black "Grischuk, Alexander"]
[Result "1/2-1/2"]
[ECO "B30"]
[WhiteElo "2655"]
[BlackElo "2732"]
[Annotator "TA"]
[PlyCount "91"]
[EventDate "2024.01.12"]
[EventType "k.o."]
[EventCountry "NET"]
[SourceTitle "playchess.com"]
[Source "ChessBase"]
[SourceQuality "1"]
[TimeControl "600+2"]

1. e4 c5 2. Nf3 Nc6 3. Bc4 e6 4. e5 d6 5. exd6 Bxd6 6. O-O Nge7 7. Nc3 Nf5 8. Ne4 {[%emt 0:00:08] Black has an edge.} Be7 9. d3 O-O 10. a3 b6 11. Bf4 Bb7 12. Re1 Na5 13. Ba2 Bd5 14. Bxd5 Qxd5 15. Be5 Nc6 16. Bc3 Rfd8 17. Qe2 Rac8 18. Rad1 Ncd4 19. Bxd4 Nxd4 20. Nxd4 cxd4 21. f4 Rc7 22. Rd2 Rdc8 23. Qf2 h6 24. Rde2 f5 (24... Qb5 $17 25. b4 a5) 25. Nd2 Rxc2 26. Rxe6 {[%emt 0:00:06] [#]} (26. Nf3 $142 Rc1 27. Re5) 26... Bh4 27. Qxh4 Rxd2 28. Rg6 Rcc2 $40 {[%emt 0:01:48][%mdl 128] White needs to defend precisely.} (28... Rxb2 $17 29. Kh1 Qf7 (29... Kh7 30. Rxh6+ gxh6 31. Re7+ Kg6 32. Qg3+ Kh5 33. Qh3+ Kg6 34. Qg3+ Kh5 35. Qh3+ Kg6 36. Qg3+ $11) 30. Qxh6 Re2) 29. Re8+ $1 $11 Kf7 30. Rxg7+ Kxg7 31. Qg3+ Kf6 ({And not} 31... Kh7 32. Re7+) 32. Rf8+ $2 {[%emt 0:00:03][%mdl 8192] [#]} (32. Qh4+ $11 Kf7 (32... Kg6 33. Qg3+ Kf6 34. Qh4+ Kf7 35. Re7+ Kg6 36. Qg3+ Kh5 37. Qh3+ Kg6 38. Qg3+ Kh5 39. Qh3+ Kg6 40. Qg3+ $11) 33. Re7+ Kg6 34. Qg3+ Kh5 35. Qh3+ Kg6 36. Qg3+ Kh5 37. Qh3+ Kg6 38. Qg3+) 32... Qf7 $3 33. Qh4+ (33. Rxf7+ Kxf7) 33... Kg6 $2 (33... Kg7 $19 34. Rxf7+ Kxf7 35. Qh5+ Kg7) 34. Qg3+ Kf6 35. Rxf7+ $4 (35. Qh4+ $11 Kg7 36. Rxf7+ Kxf7 37. h3 Rxg2+ (37... Rxb2 $2 38. Qd8 $19) 38. Kf1) 35... Kxf7 36. h3 Rxg2+ $2 ({Black should try} 36... Rxb2 $19 {( -> ...Rxg2+)} 37. Kh1 Rxg2) 37. Qxg2 {[%emt 0:00:03] The position is equal.} Rxg2+ 38. Kxg2 $19 {[%emt 0:00:02][%mdl 4096] Endgame. KP-KP} Kg6 39. a4 a6 40. Kg3 Kh5 41. Kf3 Kh4 42. Kg2 b5 43. a5 b4 44. Kh2 b3 45. Kg2 h5 46. Kh2 {[%emt 0:00:02] Weighted Error Value: White=0.33/Black=0.55.  Loses game:     	White=2     	---        Mistake:       	White=1     	Black=3      Inaccurate:     	White=2     	---        OK:         	White=13    	Black=12     Best:        	White=2     	Black=2      Strong:       	White=1     	---        Brilliant:      	---       	Black=1} 1/2-1/2